TOP OF THE 1ST |
San Jose Giants batting - Pitching for Columbia Fireflies : RHP Shan-tang Chi
|
Pitching: RHP Shan-tang Chi
|
|
Batting: RHB Frank Pena
|
0-0: Fly out, F7 (Flyball, 7D, EV 100.0 MPH)
|
Batting: LHB Mike Roberts
|
0-0: Ball 1-0: Foul Ball, location: 2F 1-1: Ball 2-1: Ball 3-1: Ground out U3 (Groundball, 34, EV 101.2 MPH)
|
Batting: LHB Steve Nevis
|
0-0: Ball 1-0: Swinging Strike 1-1: Ball 2-1: Fly out, F6 (Popup, 6, EV 73.8 MPH)
|
Top of the 1st over - 0 runs, 0 hits, 0 errors, 0 left on base; San Jose 0 - Columbia 0 |
BOTTOM OF THE 1ST |
Columbia Fireflies batting - Pitching for San Jose Giants : RHP Jonathan Fritzinger
|
Pitching: RHP Jonathan Fritzinger
|
|
Batting: RHB Omar Novoa
|
0-0: Fly out, F8 (Line Drive, 8LM, EV 95.0 MPH)
|
Batting: SHB Masatoshi Akahoshi
|
0-0: Ball 1-0: Ball 2-0: Called Strike 2-1: Called Strike 2-2: Foul Ball, location: 2F 2-2: Ball 3-2: SINGLE (Groundball, 4MD, EV 104.4 MPH)
|
Batting: LHB Tony Leyba
|
0-0: Ball 1-0: Foul Ball, location: 2F 1-1: SINGLE (Line Drive, 6D, EV 96.2 MPH) Masatoshi Akahoshi to second
|
Batting: RHB Masaya Nakamura
|
0-0: Ball Masatoshi Akahoshi steals 3rd base 1-0: Ball 2-0: Fly out, F8 (Flyball, 8LD, EV 98.8 MPH) Runner from 3rd tags up, SCORES, throw by CF
|
Batting: RHB Larry Shoop
|
0-0: Called Strike 0-1: Foul Ball, location: 2F 0-2: Ball 1-2: Ball 2-2: Foul Ball, location: 2F 2-2: Ball 3-2: Foul Ball, location: 2F 3-2: Foul Ball, location: 2F 3-2: Ground out 5-3 (Groundball, 56S, EV 85.6 MPH)
|
Bottom of the 1st over - 1 run, 2 hits, 0 errors, 1 left on base; San Jose 0 - Columbia 1 |
TOP OF THE 2ND |
San Jose Giants batting - Pitching for Columbia Fireflies : RHP Shan-tang Chi
|
Batting: RHB Zach Maguire
|
0-0: Ball 1-0: Swinging Strike 1-1: Foul Ball, location: 2F 1-2: Foul Ball, location: 2F 1-2: Strikes out looking
|
Batting: LHB Gil Caraveo
|
0-0: Ball 1-0: Foul Ball, location: 2F 1-1: Ball 2-1: Foul Ball, location: 2F 2-2: Ball 3-2: Ground out U3 (Groundball, 3, EV 83.8 MPH)
|
Batting: LHB Joe Hoover
|
0-0: Ball 1-0: Ball 2-0: Ball 3-0: Base on Balls
|
Batting: RHB Teruhide Horiuchi
|
0-0: Swinging Strike 0-1: Called Strike Joe Hoover steals 2nd base 0-2: Ground out 5-3 (Groundball, 56, EV 78.8 MPH)
|
Top of the 2nd over - 0 runs, 0 hits, 0 errors, 1 left on base; San Jose 0 - Columbia 1 |
BOTTOM OF THE 2ND |
Columbia Fireflies batting - Pitching for San Jose Giants : RHP Jonathan Fritzinger
|
Batting: RHB Dan Muse
|
0-0: Ball 1-0: Foul Ball, location: 2F 1-1: Fly out, F7 (Flyball, 7, EV 90.0 MPH)
|
Batting: RHB Elias Urbina
|
0-0: Ground out U3 (Groundball, 34, EV 76.9 MPH)
|
Batting: LHB Preston Knaak
|
0-0: Ball 1-0: Fly out, F7 (Flyball, 7, EV 77.5 MPH)
|
Bottom of the 2nd over - 0 runs, 0 hits, 0 errors, 0 left on base; San Jose 0 - Columbia 1 |
TOP OF THE 3RD |
San Jose Giants batting - Pitching for Columbia Fireflies : RHP Shan-tang Chi
|
Batting: RHB Gary Sampson
|
0-0: Foul Ball, location: 2F 0-1: Ball 1-1: Fly out, F8 (Flyball, 8LM, EV 95.6 MPH)
|
Batting: RHB Ruben Irizarry
|
0-0: Called Strike 0-1: Swinging Strike 0-2: Strikes out swinging
|
Batting: RHB Frank Pena
|
0-0: Called Strike 0-1: Ball 1-1: Foul Ball, location: 2F 1-2: Foul Ball, location: 2F 1-2: Ball 2-2: Foul Ball, location: 2F 2-2: Strikes out looking
|
Top of the 3rd over - 0 runs, 0 hits, 0 errors, 0 left on base; San Jose 0 - Columbia 1 |
BOTTOM OF THE 3RD |
Columbia Fireflies batting - Pitching for San Jose Giants : RHP Jonathan Fritzinger
|
Batting: RHB Fathi Addae
|
0-0: Ball 1-0: Swinging Strike 1-1: Foul Ball, location: 2F 1-2: Ball 2-2: Strikes out looking
|
Batting: RHB Omar Novoa
|
0-0: SINGLE (Line Drive, 9S, EV 91.2 MPH)
|
Batting: SHB Masatoshi Akahoshi
|
0-0: Called Strike 0-1: Ball 1-1: Foul Ball, location: 2F 1-2: Ball 2-2: Ball 3-2: DOUBLE (Flyball, 8LXD, EV 88.1 MPH) Omar Novoa to third
|
Batting: LHB Tony Leyba
|
0-0: Ball 1-0: Ball 2-0: Fly out, F8 (Flyball, 8RD, EV 93.1 MPH) Runner from 3rd tags up, SCORES, no throw by CF
|
Batting: RHB Masaya Nakamura
|
0-0: Called Strike 0-1: Ground out 5-3 (Groundball, 25, EV 81.2 MPH)
|
Bottom of the 3rd over - 1 run, 2 hits, 0 errors, 1 left on base; San Jose 0 - Columbia 2 |
TOP OF THE 4TH |
San Jose Giants batting - Pitching for Columbia Fireflies : RHP Shan-tang Chi
|
Batting: LHB Mike Roberts
|
0-0: Ball 1-0: Foul Ball, location: 2F 1-1: Called Strike 1-2: Ball 2-2: Foul Ball, location: 2F 2-2: Ground out 1-3 (Groundball, 34S, EV 71.2 MPH)
|
Batting: LHB Steve Nevis
|
0-0: Ball 1-0: Called Strike 1-1: Ground out 1-3 (Groundball, P, EV 69.4 MPH)
|
Batting: RHB Zach Maguire
|
0-0: Ball 1-0: Ground out 6-3 (Groundball, 6, EV 90.6 MPH)
|
Top of the 4th over - 0 runs, 0 hits, 0 errors, 0 left on base; San Jose 0 - Columbia 2 |
BOTTOM OF THE 4TH |
Columbia Fireflies batting - Pitching for San Jose Giants : RHP Jonathan Fritzinger
|
Batting: RHB Larry Shoop
|
0-0: Called Strike 0-1: Ball 1-1: Ball 2-1: Foul Ball, location: 2F 2-2: Ball 3-2: Foul Ball, location: 2F 3-2: SOLO HOME RUN (Flyball, 78XD, EV 116.2 MPH), Distance : 436 ft
|
Batting: RHB Dan Muse
|
0-0: Ball 1-0: Fly out, F7 (Flyball, 7LM, EV 99.4 MPH)
|
Batting: RHB Elias Urbina
|
0-0: Foul Ball, location: 2F 0-1: Fly out, F8 (Flyball, 78D, EV 98.1 MPH)
|
Batting: LHB Preston Knaak
|
0-0: Ball 1-0: Ball 2-0: Swinging Strike 2-1: Ball 3-1: Base on Balls
|
Batting: RHB Fathi Addae
|
0-0: Ball 1-0: Ball 2-0: DOUBLE (Line Drive, 89M, EV 104.4 MPH) Preston Knaak to third
|
Batting: RHB Omar Novoa
|
0-0: Ball 1-0: Called Strike 1-1: Fly out, F8 (Flyball, 78S, EV 86.9 MPH)
|
Bottom of the 4th over - 1 run, 2 hits, 0 errors, 2 left on base; San Jose 0 - Columbia 3 |
TOP OF THE 5TH |
San Jose Giants batting - Pitching for Columbia Fireflies : RHP Shan-tang Chi
|
Batting: LHB Gil Caraveo
|
0-0: Called Strike 0-1: Called Strike 0-2: Fly out, F7 (Line Drive, 7, EV 93.1 MPH)
|
Batting: LHB Joe Hoover
|
0-0: Ground out 6-3 (Groundball, 6, EV 79.4 MPH)
|
Batting: RHB Teruhide Horiuchi
|
0-0: SINGLE (Groundball, 5S, EV 76.2 MPH) (infield hit)
|
Batting: RHB Gary Sampson
|
0-0: Fly out, F3 (Line Drive, 3, EV 75.6 MPH)
|
Top of the 5th over - 0 runs, 1 hit, 0 errors, 1 left on base; San Jose 0 - Columbia 3 |
BOTTOM OF THE 5TH |
Columbia Fireflies batting - Pitching for San Jose Giants : RHP Jonathan Fritzinger
|
Batting: SHB Masatoshi Akahoshi
|
0-0: SINGLE (Groundball, 4D, EV 101.2 MPH)
|
Batting: LHB Tony Leyba
|
0-0: Ball Masatoshi Akahoshi is caught stealing 2nd base 2-6 1-0: Foul Ball, location: 2F 1-1: Ball 2-1: Ball 3-1: DOUBLE (Line Drive, 7LD, EV 101.2 MPH)
|
Batting: RHB Masaya Nakamura
|
0-0: Foul Ball, location: 2F 0-1: Ball 1-1: Called Strike 1-2: Foul Ball, location: 2F 1-2: Fly out, F7 (Line Drive, 7S, EV 92.5 MPH)
|
Batting: RHB Larry Shoop
|
0-0: Ball 1-0: Ball 2-0: Swinging Strike 2-1: Ball 3-1: Base on Balls
|
Batting: RHB Dan Muse
|
0-0: Ball 1-0: Reached on error, E6 (Groundball, 6, EV 95.0 MPH) Tony Leyba to third Larry Shoop to second
|
Batting: RHB Elias Urbina
|
0-0: Ball 1-0: DOUBLE (Line Drive, 9LS, EV 104.4 MPH) Tony Leyba scores Larry Shoop scores Dan Muse to third Runner from 3rd tries for Home, throw by RF and OUT! 9-4-2
|
Bottom of the 5th over - 2 runs, 3 hits, 1 error, 1 left on base; San Jose 0 - Columbia 5 |
TOP OF THE 6TH |
San Jose Giants batting - Pitching for Columbia Fireflies : RHP Shan-tang Chi
|
Batting: RHB Ruben Irizarry
|
0-0: Called Strike 0-1: Ground out 4-3 (Groundball, 4, EV 105.6 MPH)
|
Batting: RHB Frank Pena
|
0-0: Called Strike 0-1: Fly out, F9 (Line Drive, 9S, EV 91.2 MPH)
|
Batting: LHB Mike Roberts
|
0-0: Ball 1-0: Ball 2-0: Ground out 5-3 (Groundball, 5L, EV 102.5 MPH)
|
Top of the 6th over - 0 runs, 0 hits, 0 errors, 0 left on base; San Jose 0 - Columbia 5 |
BOTTOM OF THE 6TH |
Columbia Fireflies batting - Pitching for San Jose Giants : RHP Jonathan Fritzinger
|
Pitching: RHP Brian Yinger
|
|
Batting: LHB Preston Knaak
|
0-0: Ball 1-0: Ball 2-0: Called Strike 2-1: Ball 3-1: Base on Balls
|
Batting: RHB Fathi Addae
|
0-0: Called Strike 0-1: Foul Ball, location: 2F 0-2: Foul Ball, location: 2F 0-2: Foul Ball, location: 2F 0-2: Ball 1-2: Ball 2-2: Foul Ball, location: 2F 2-2: Strikes out swinging
|
Batting: RHB Omar Novoa
|
0-0: Foul Ball, location: 2F 0-1: Swinging Strike 0-2: Strikes out swinging
|
Batting: SHB Masatoshi Akahoshi
|
0-0: Called Strike 0-1: Hit by Pitch Preston Knaak to second
|
Batting: LHB Tony Leyba
|
0-0: Ball 1-0: Swinging Strike 1-1: Foul Ball, location: 2F 1-2: Strikes out looking
|
Bottom of the 6th over - 0 runs, 0 hits, 0 errors, 2 left on base; San Jose 0 - Columbia 5 |
TOP OF THE 7TH |
San Jose Giants batting - Pitching for Columbia Fireflies : RHP Shan-tang Chi
|
Batting: LHB Steve Nevis
|
0-0: Swinging Strike 0-1: Ball 1-1: DOUBLE (Line Drive, 89M, EV 105.6 MPH)
|
Batting: RHB Zach Maguire
|
0-0: Called Strike 0-1: Ball 1-1: Ball 2-1: Foul Ball, location: 2F 2-2: Strikes out swinging
|
Batting: LHB Gil Caraveo
|
Balk! Steve Nevis to third 0-0: Ground out 4-3 (Groundball, 4, EV 83.8 MPH) Steve Nevis scores
|
Batting: LHB Joe Hoover
|
0-0: Ground out 3-1 (Groundball, 34, EV 82.5 MPH)
|
Top of the 7th over - 1 run, 1 hit, 0 errors, 0 left on base; San Jose 1 - Columbia 5 |
BOTTOM OF THE 7TH |
Columbia Fireflies batting - Pitching for San Jose Giants : RHP Brian Yinger
|
Pitching: RHP Mike Flynn
|
|
Batting: RHB Masaya Nakamura
|
0-0: Ball 1-0: Ball 2-0: Called Strike 2-1: Ball 3-1: Base on Balls
|
Batting: RHB Larry Shoop
|
0-0: Ball 1-0: Ball 2-0: Ball 3-0: Called Strike 3-1: Grounds into double play, 5-4-3 (Groundball, 5, EV 88.8 MPH)
|
Batting: RHB Dan Muse
|
0-0: Foul Ball, location: 2F 0-1: Called Strike 0-2: Ball 1-2: Foul Ball, location: 2F 1-2: Ball 2-2: Foul Ball, location: 2F 2-2: Ball 3-2: Base on Balls
|
Batting: RHB Elias Urbina
|
0-0: Ball 1-0: Called Strike 1-1: Ball 2-1: Ball 3-1: Foul Ball, location: 2F 3-2: Ground out 4-3 (Groundball, 4, EV 79.4 MPH)
|
Bottom of the 7th over - 0 runs, 0 hits, 0 errors, 1 left on base; San Jose 1 - Columbia 5 |
TOP OF THE 8TH |
San Jose Giants batting - Pitching for Columbia Fireflies : RHP Shan-tang Chi
|
Batting: RHB Teruhide Horiuchi
|
0-0: Ball 1-0: Called Strike 1-1: SINGLE (Groundball, 34D, EV 101.2 MPH)
|
Batting: RHB Gary Sampson
|
0-0: Swinging Strike 0-1: Called Strike 0-2: Ball 1-2: Ball 2-2: Strikes out swinging
|
Batting: RHB Ruben Irizarry
|
0-0: Ball 1-0: Foul Ball, location: 2F 1-1: Grounds into double play, 6-4-3 (Groundball, 6S, EV 87.5 MPH)
|
Top of the 8th over - 0 runs, 1 hit, 0 errors, 0 left on base; San Jose 1 - Columbia 5 |
BOTTOM OF THE 8TH |
Columbia Fireflies batting - Pitching for San Jose Giants : RHP Mike Flynn
|
Pitching: RHP Nick McDade
|
|
Batting: LHB Preston Knaak
|
0-0: Swinging Strike 0-1: Called Strike 0-2: Ball 1-2: Strikes out swinging
|
Batting: RHB Fathi Addae
|
0-0: Called Strike 0-1: Ball 1-1: Ground out 6-3 (Groundball, 6, EV 82.5 MPH)
|
Batting: RHB Omar Novoa
|
0-0: Ball 1-0: Ball 2-0: Ball 3-0: Called Strike 3-1: Fly out, F8 (Flyball, 8RXD, EV 105.6 MPH)
|
Bottom of the 8th over - 0 runs, 0 hits, 0 errors, 0 left on base; San Jose 1 - Columbia 5 |
TOP OF THE 9TH |
San Jose Giants batting - Pitching for Columbia Fireflies : RHP Shan-tang Chi
|
Pitching: RHP Jose Lara
|
|
Batting: RHB Frank Pena
|
0-0: Ball 1-0: Foul Ball, location: 2F 1-1: Swinging Strike 1-2: Strikes out swinging
|
Batting: LHB Mike Roberts
|
0-0: Ball 1-0: Ball 2-0: Foul Ball, location: 2F 2-1: Called Strike 2-2: Fly out, F9 (Flyball, 9D, EV 96.9 MPH)
|
Batting: LHB Steve Nevis
|
0-0: Called Strike 0-1: Foul Ball, location: 2F 0-2: Ball 1-2: Ball 2-2: Ball 3-2: Base on Balls
|
Batting: RHB Zach Maguire
|
0-0: Swinging Strike 0-1: Foul Ball, location: 2F 0-2: Ball 1-2: Strikes out swinging
|
Top of the 9th over - 0 runs, 0 hits, 0 errors, 1 left on base; San Jose 1 - Columbia 5 |
|